 Dungeon Crawl Stone Soup version 0.18.1-48-g4cf74bf (webtiles) character file.

81 Inkary the Covered (level 4, -4/38 HPs)
             Began as a Demigod Fighter on Sept 3, 2016.
             Slain by nikopol's ghost (11 damage)
             ... on level 3 of the Dungeon.
             The game lasted 00:05:56 (1170 turns).

Inkary the Covered (Demigod Fighter)                Turns: 1170, Time: 00:05:57

Health: -4/38      AC:  9    Str: 19    XL:     4   Next: 0%
Magic:  6/6        EV: 13    Int: 12    God:
Gold:   32         SH: 10    Dex: 22    Spells: 0 memorised, 3 levels left

rFire  . . .     SeeInvis .     a - +0 flail
rCold  . . .     Gourm    .     k - +3 ring mail
rNeg   . . .     Faith    .     c - +0 shield
rPois  .         Spirit   .     (no helmet)
rElec  .         Dismiss  .     (no cloak)
rCorr  .         Reflect  .     (no gloves)
SustAt +         Harm     .     e - +0 pair of boots
MR     +....                    (no amulet)
Stlth  ++........               (no ring)
                                n - ring of protection from magic

@: agile, somewhat resistant to hostile enchantments, unstealthy
A: high mp 1, sustain attributes
a: no special abilities


You were on level 3 of the Dungeon.
You were not hungry.

You visited 1 branch of the dungeon, and saw 3 of its levels.

You collected 32 gold pieces.

Inventory:

Hand Weapons
 a - a +0 flail (weapon)
Missiles
 r - a poisoned javelin (quivered)
Armour
 c - a +0 shield (worn)
 e - a +0 pair of boots (worn)
 k - a +3 ring mail (worn)
Jewellery
 n - a ring of protection from magic (left hand)
Scrolls
 b - a scroll of enchant weapon {unknown}
 j - a scroll of amnesia {unknown}
 p - a scroll of enchant armour {unknown}
 q - a scroll of identify {unknown}
Potions
 d - a potion of might
 g - a potion of agility
 i - a potion of haste {unknown}
 m - a potion of degeneration {unknown}
Miscellaneous
 o - a plain deck of changes
Comestibles
 f - a bread ration
 h - a meat ration
 l - 2 chunks of flesh


   Skills:
 + Level 3.1 Fighting
 + Level 2.5 Maces & Flails
 + Level 3.3 Armour
 + Level 3.2 Shields


You had 3 spell levels left.
You didn't know any spells.

Dungeon Overview and Level Annotations

Branches:
Dungeon (3/15)

Annotations:
D:3 nikopol's ghost, amateur MiBe


Innate Abilities, Weirdness & Mutations

You have an increased reservoir of magic (+10% MP).
Your attributes are resistant to harm.


Message History

You barely miss nikopol's ghost.
Nikopol's ghost is moderately damaged.
Nikopol's ghost hits you!
* * * LOW HITPOINT WARNING * * *
You are too injured to fight recklessly!
You are too injured to fight recklessly!
You are too injured to fight recklessly!
Drink which item? (? for menu, Esc to quit)
You feel agile all of a sudden. You block nikopol's ghost's attack.
You sock nikopol's ghost!
Nikopol's ghost is heavily damaged.
Nikopol's ghost closely misses you. Nikopol's ghost misses you.
You hit nikopol's ghost but do no damage.
Nikopol's ghost is heavily damaged.
Nikopol's ghost barely misses you.
You hit nikopol's ghost but do no damage.
Nikopol's ghost is heavily damaged.
Nikopol's ghost hits you!
You die...

...###...........................
...#######.......................
.......###.......................
.................................
.......##...............###......
.###...................(.# ......
.###.....................# ......
..........#....###..(....# .#%...
.......##.+....'@W.....(....#W...
......#####....###...............
...............######.........
.....................###.[....
.....................# ../...
.....................# .....
....##.......#.......# ..
....##.......#....####
....##########....#


You could see nikopol's ghost.

Vanquished Creatures
  2 adders
  A worm (D:3)
  2 dart slugs
  4 giant geckos
  8 bats
  A giant cockroach (D:2)
  3 goblins
  9 hobgoblins
  11 kobolds
  7 rats
48 creatures vanquished.

Notes
Turn   | Place    | Note
--------------------------------------------------------------
     0 | D:1      | Inkary the Demigod Fighter began the quest for the Orb.
     0 | D:1      | Reached XP level 1. HP: 18/18 MP: 3/3
   163 | D:1      | Reached XP level 2. HP: 22/25 MP: 4/4
   722 | D:2      | Reached XP level 3. HP: 31/31 MP: 5/5
   876 | D:2      | Found a sparkling altar of Nemelex Xobeh.
  1141 | D:3      | Noticed nikopol's ghost (amateur MiBe)
  1154 | D:3      | Reached XP level 4. HP: 36/38 MP: 6/6
  1170 | D:3      | Slain by nikopol's ghost

Skill      XL: |  1  2 |
---------------+-------+-----
Maces & Flails | 2 |  2.5
Shields        | 3 |  3.2
Armour         | 3 |  3.3
Fighting       | 3 |  3.1

Action                   |  1- 3 |  4- 6 || total
-------------------------+-------+-------++-------
Melee: Flail             |   167 |    13 ||   180
Throw: Javelin           |     1 |     2 ||     3
  Use: Potion            |       |     1 ||     1
  Eat: Chunk             |     1 |       ||     1
Armor: Scale mail        |    39 |       ||    39
       Ring mail         |    53 |     1 ||    54
Dodge: Dodged            |    63 |     7 ||    70
Block: Shield            |   110 |     6 ||   116
